 Dungeon Crawl Stone Soup version 0.31-a0-614-gc85dc1c48c (webtiles) character file.

Game seed: 10818179439850769430

1234 Ijustatesigmund the Stinger (level 8, -1/46 (51) HPs)
             Began as an Octopode Venom Mage on Aug 22, 2023.
             Was a Follower of Vehumet.
             Slain by a wight
             ... wielding a +0 great sword
              (7 damage)
             ... on level 6 of the Dungeon.
             The game lasted 00:15:51 (7611 turns).

Ijustatesigmund the Stinger (Octopode Venom Mage)   Turns: 7611, Time: 00:15:53

HP:   -1/46 (51)    AC:  1    Str:  8    XL:     8   Next: 48%
MP:   12/14         EV: 13    Int: 19    God:    Vehumet [*.....]
Gold: 219           SH:  0    Dex: 12    Spells: 6/16 levels left

rFire   . . .        c - +4 quarterstaff (chaos)
rCold   . . .        (shield currently unavailable)
rNeg    . . .        (helmet restricted)
rPois   .            (no amulet)
rElec   .            i - ring of willpower
rCorr   .            (no ring)
SInv    .            (no ring)
Will    +....        (no ring)
Stlth   +++          (no ring)
HPRegen 0.27/turn    (no ring)
MPRegen 0.14/turn    (no ring)
                     (no ring)

%: no passive effects
@: drained
A: almost no armour, amphibious, 8 rings, camouflage 1, gelatinous body 1,
(nimble swimmer 1), tentacles
a: Renounce Religion


You were on level 6 of the Dungeon.
You worshipped Vehumet.
Vehumet was aware of your devotion.
You visited 1 branch of the dungeon, and saw 6 of its levels.

You collected 267 gold pieces.
You spent 48 gold pieces at shops.

Inventory:

Hand Weapons
 c - a +4 quarterstaff of chaos (weapon)
 j - a +1 flail of holy wrath
Jewellery
 i - a ring of willpower (left tentacle)
Talismans
 b - a beast talisman
Wands
 k - a wand of roots (4)
Scrolls
 d - 2 scrolls of identify
 h - 2 scrolls of poison
 o - a scroll of vulnerability
Potions
 a - a potion of magic
 e - a potion of enlightenment
 f - a potion of haste
 m - a potion of curing
 n - a potion of resistance


   Skills:
 - Level 2.4 Fighting
 + Level 3.2 Staves
 - Level 2.0 Dodging
 - Level 2.6 Stealth
 + Level 4.5 Spellcasting
 + Level 4.0 Conjurations
 - Level 1.0 Transmutations
 + Level 4.1 Air Magic
 + Level 6.4 Poison Magic


You had 6 spell levels left.
You knew the following spells:

 Your Spells              Type           Power      Damage    Failure   Level
a - Sting                 Tmut/Pois      72%        1d6       2%          1
b - Poisonous Vapours     Pois/Air       48%        N/A       2%          2
c - Mephitic Cloud        Conj/Pois/Air  22%        N/A       5%          3
d - Olgreb's Toxic Radia  Pois           28%        N/A       9%          4

Your spell library contained the following spells:

 Spells                   Type           Power      Damage    Failure   Level
 Shock                    Conj/Air       76%        1d7       2%          1
 Stone Arrow              Conj/Erth      24%        3d8       17%         3
 Gell's Gravitas          Tloc           4%         N/A       36%         3
 Teleport Other           Tloc           4%         N/A       36%         3
 Dispersal                Tloc           2%         N/A       100%        6
 Lehudib's Crystal Spear  Conj/Erth      6%         10d3      100%        8
 Animate Armour           Summ/Erth      Unusable   N/A       N/A         4

Dungeon Overview and Level Annotations

Branches:
Dungeon (6/15)             Temple (0/1) D:4

Altars:
Nemelex Xobeh
Qazlal
Ru
Trog
Vehumet

Shops:
D:3 *   D:5 =


Innate Abilities, Weirdness & Mutations

You cannot wear most types of armour.
You are amphibious.
You can wear up to eight rings at the same time.
Your skin changes colour to match your surroundings (Stealth+).
Your rubbery body absorbs attacks. (AC +1, EV +1)
((You are camouflaged when in or above water. (Stealth+)))
You have tentacles for arms and can constrict up to eight enemies at once.


Message History

The orc is poisoned.
You kill the orc!
Vehumet accepts your kill.
You feel your power returning.
You kill the orc!
Vehumet accepts your kill.
An orc comes into view. It is wielding a +0 dagger.
You kill the orc!
Vehumet accepts your kill.
The orc looks even sicker.
The orc is poisoned.
Your toxic aura wanes.
You kill the orc!
Vehumet accepts your kill. Vehumet offers you knowledge of Shock.
You feel your power returning.
Casting: Olgreb's Toxic Radiance (dangerous; 9% risk of failure)
Confirm with . or Enter, or press ? or * to list all spells.
Aiming: Poisonous Vapours (safe; 2% risk of failure)
Press: ? - help, Dir - move target, f - orc
Aim: an orc, wielding a +0 dagger and wearing a +0 ring mail (lightly wounded, poisoned)
You miscast Poisonous Vapours.
You are very lightly contaminated with residual magic.
Nothing appears to happen.
A wight comes into view. It is wielding a +3 falchion.
Your magical contamination has completely faded away.
You barely miss the wight. Your grab misses the wight.
The wight hits you with a +0 great sword!
You feel drained.
You barely miss the wight. Your grab misses the wight. You squeeze the wight.
The wight is lightly damaged.
The wight misses you.
The wight hits you with a +0 great sword!
You sock the wight! You grab the wight.
You squeeze the wight, but do no damage.
The wight is severely damaged.
You constrict the wight, but do no damage.
The wight hits you with a +0 great sword!!
* * * LOW HITPOINT WARNING * * *
You feel drained.
You die...

#...# ....... #.z.# #####..
#...# ##. #oz.# ### #...#
#.. ####### #...# ###
#.....##### #...#
#.#.#.#.#.####...#
#..###.<..@zoz...#########
#.#.#.#.#.#####..#.......#
#.......#.#####..#.......##
##.#.......).....#.........
#...#.#.#.#####.......#.##
###.......# ####.#.^#.##
#[#.#.#)# ####......##
#.......#####.......#.##
#.#.#.#....#######..#.##


You could see 2 wights and an orc.

Vanquished Creatures
  Eustachio (D:6)
  Edmund (D:6)
  An ice beast (D:3)
  A phantom (D:6)
  A centaur (D:6)
  2 bullfrogs
  A hound (D:5)
  2 jellies
  2 orc priests
  Crazy Yiuf (D:3)
  2 iguanas
  Ijyb (D:4)
  Terence (D:3)
  4 orc wizards
  3 gnolls (D:5)
  6 adders
  A shadow imp (D:5)
  A white imp (D:6)
  2 worms
  2 dart slugs
  17 orcs
  8 bats
  5 endoplasms
  5 giant cockroaches
  5 goblins
  6 hobgoblins
  10 jackals
  5 quokkas
  4 ball pythons
  2 frilled lizards (D:2)
  6 kobolds
  2 rats
111 creatures vanquished.

Notes
Turn   | Place    | Note
-------+----------+-------------------------------------------
     0 | D:1      | Ijustatesigmund the Octopode Venom Mage began the quest for
                  | the Orb.
     0 | D:1      | Reached XP level 1. HP: 11/11 MP: 3/3
   304 | D:1      | Reached XP level 2. HP: 11/18 MP: 0/5
   307 | D:1      | Reached skill level 1 in Fighting
   530 | D:1      | Reached skill level 4 in Poison Magic
   574 | D:1      | Learned a level 2 spell: Poisonous Vapours
   633 | D:1      | Reached XP level 3. HP: 18/23 MP: 3/6
   637 | D:1      | Learned a level 3 spell: Mephitic Cloud
  1088 | D:1      | You fall into a shaft and drop 1 floor!
  1736 | D:2      | Reached XP level 4. HP: 27/28 MP: 5/7
  2303 | D:3      | Reached skill level 1 in Conjurations
  2303 | D:3      | Reached skill level 1 in Air Magic
  2334 | D:3      | Found Hajivecs's General Store.
  2337 | D:3      | Bought a scroll of fog for 48 gold pieces
  2398 | D:3      | Noticed Terence
  2561 | D:3      | Found a radiant altar of Vehumet.
  2566 | D:3      | Became a worshipper of Vehumet
  2609 | D:3      | Killed Terence
  2974 | D:3      | Noticed an ice beast
  2993 | D:3      | Killed an ice beast
  2994 | D:3      | Reached XP level 5. HP: 16/35 MP: 9/9
  3155 | D:3      | Found a sparkling altar of Nemelex Xobeh.
  3317 | D:3      | Found a runed translucent door.
  3318 | D:3      | Noticed Crazy Yiuf
  3326 | D:3      | Killed Crazy Yiuf
  3327 | D:3      | Reached XP level 6. HP: 29/41 MP: 3/10
  3953 | D:4      | Found a staircase to the Ecumenical Temple.
  3986 | D:4      | Found a stormy altar of Qazlal.
  4051 | D:4      | Noticed Ijyb
  4058 | D:4      | Learned a level 4 spell: Olgreb's Toxic Radiance
  4066 | D:4      | Killed Ijyb
  4067 | D:4      | Reached skill level 5 in Poison Magic
  4606 | D:5      | Entered Level 5 of the Dungeon
  5305 | D:5      | Reached * piety under Vehumet
  5305 | D:5      | Offered knowledge of Foxfire by Vehumet.
  5313 | D:5      | Reached skill level 1 in Staves
  5673 | D:5      | Reached XP level 7. HP: 38/45 MP: 9/12
  5803 | D:5      | Found a sacrificial altar of Ru.
  5822 | D:5      | Found Gaipos's Jewellery Emporium.
  5987 | D:5      | Found a bloodstained altar of Trog.
  6341 | D:6      | Noticed Edmund
  6349 | D:6      | Killed Edmund
  6890 | D:6      | Reached skill level 6 in Poison Magic
  6890 | D:6      | Reached XP level 8. HP: 49/51 MP: 14/14
  7263 | D:6      | Noticed Eustachio
  7276 | D:6      | Killed Eustachio
  7597 | D:6      | Offered knowledge of Shock by Vehumet.
  7611 | D:6      | Slain by a wight

Illustrated notes

Levels and vault maps discovered:
D:1:      lemuel_arrival_river_ford, layout_basic
D:2:      layout_loops_ring, corexii_hall_statues_l, kennysheep_cross_room
D:3:      layout_basic, nemelex_altar_shiori, lemuel_doored_altar, serial_shops,
          nicolae_shop_window_shopping, uniq_terence, uniq_crazy_yiuf_cottage
D:4:      layout_loops_ring, nicolae_qazlal_general_emergency,
          minmay_temple_entry_statues_fountains, chequers_serial_rivers_micro_d,
          hangedman_decor_growths, uniq_ijyb
D:5:      layout_basic, nicolae_ru_path_of_blood, mainiacjoe_overflow_chevrons,
          serial_shops, shop, guppyfry_early_lair_pool
D:6:      layout_loops_cross, serial_co_window_serial, co_window_corner_a,
          co_window_corner_a, co_window_paths_b, co_window_corner_a,
          co_window_paths_a, co_window_unsneaky_path_c,
          co_window_of_opportunity_c, co_window_broadway_a, co_window_sun,
          glass_columns_a, glass_columns_b, glass_columns_b, glass_columns_c,
          uniq_edmund, uniq_eustachio

Skill      XL: |  1  2  3  4  5  6  7  8 |
---------------+-------------------------+-----
Fighting       | 1 2 |  2.4
Poison Magic   | 4 5 6 |  6.4
Conjurations   | 1 2 3 4 |  4.0
Air Magic      | 1 2 3 4 |  4.1
Spellcasting   | 3 4 |  4.5
Staves         | 1 2 3 |  3.2
Dodging        | |  2.0
Stealth        | |  2.6
Transmutations | |  1.0

Action                     |  1- 3 |  4- 6 |  7- 9 || total
---------------------------+-------+-------+-------++-------
  Melee: Unarmed           |    27 |       |       ||    27
         Constrict         |    20 |    18 |    11 ||    49
         Tentacles         |    15 |    14 |    13 ||    42
         Dagger            |    12 |       |       ||    12
         Quarterstaff      |    33 |    99 |    66 ||   198
         Punch             |       |     1 |     2 ||     3
   Cast: Sting             |     8 |     3 |     1 ||    12
         Poisonous Vapours |     7 |    29 |     6 ||    42
         Mephitic Cloud    |       |     1 |     2 ||     3
         Olgreb's Toxic Ra |       |       |     5 ||     5
Ability: Begin Untransform |       |     1 |       ||     1
    Use: Scroll            |       |    11 |     4 ||    15
         Potion            |       |     5 |     1 ||     6
   Stab: Sleeping          |     7 |     5 |     2 ||    14
         Confused          |       |       |     1 ||     1
 Armour: Skin              |     8 |    14 |     5 ||    27
  Dodge: Dodged            |    44 |    46 |    38 ||   128
   Form: Beast             |     1 |       |       ||     1

Table legend: (Time is in decaauts)
 A = Elapsed time spent in this place.
 B = Non-inter-level travel time spent in this place.
 C = Inter-level travel time spent in this place.
 D = Time resting spent in this place.
 E = Time spent auto-exploring this place.
 F = Levels seen in this place.
 G = Mean time per level.
                   A        B        C        D        E       F      G
               +--------+--------+--------+--------+--------+-----+--------+
         Total |   7658 |   7542 |    116 |   1916 |   4762 |   6 | 1276.3 |
       Dungeon |   7658 |   7542 |    116 |   1916 |   4762 |   6 | 1276.3 |
               +--------+--------+--------+--------+--------+-----+--------+

Top non-repeatable levels by time:
     D:5: 1520 daAuts
     D:3: 1336 daAuts
     D:1: 1327 daAuts
     D:6: 1295 daAuts
     D:4: 1222 daAuts
     D:2: 955 daAuts
